 Dungeon Crawl Stone Soup version 0.30-a0-845-g7c6808c8ce (webtiles) character file.

Game seed: 12628438840047101441

45885 jasper the Martial Artist (level 14, -4/100 (103) HPs)
             Began as a Demonspawn Delver on Mar 2, 2023.
             Was an Elder of Okawaru.
             Slain by an orc knight
             ... wielding a +1 battleaxe of electrocution
              (11 damage)
             ... on level 2 of the Orcish Mines.
             The game lasted 00:32:55 (16476 turns).

jasper the Martial Artist (Demonspawn Delver)      Turns: 16476, Time: 00:32:55

HP:   -4/100 (103)  AC: 23    Str: 16    XL:     14   Next: 2%
MP:   15/17         EV: 16    Int: 13    God:    Okawaru [****..]
Gold: 2413          SH: 10    Dex: 17    Spells: 13/13 levels left

rFire   + . .      SeeInvis +      - Unarmed
rCold   + . .      Faith    .    B - +0 buckler
rNeg    . . .      Spirit   .    t - +4 ring mail {rC+}
rPois   +          Reflect  .    e - +3 crown of Dyrovepreva {rElec Int+2 SInv}
rElec   +          Rampage  +    S - +0 cloak
rCorr   +                        (gloves unavailable)
Will    +....                    h - +0 pair of boots
Stlth   ++++                     o - amulet "Tyufautam" {Rampage Regen+}
HPRegen 1.16/turn                A - ring of the Octopus King {rCorr HP+2 AC+2 EV+2 SH+2}
MPRegen 0.15/turn                U - ring "Fefoimn" {Wiz rPois}

@: heroic, lightly drained
A: thin metallic scales 2, foul stench 2, demonic magic 2, demonic touch 3,
hooves 1, fire resistance 1, frail 1
a: Renounce Religion, Heroism, Finesse


You were on level 2 of the Orcish Mines.
You worshipped Okawaru.
Okawaru was greatly pleased with you.
You visited 4 branches of the dungeon, and saw 20 of its levels.
You also visited: Volcano.

You collected 2479 gold pieces.
You spent 66 gold pieces at shops.

Inventory:

Hand Weapons
 a - a +0 hand axe
 k - a +0 whip
Missiles
 f - a curare-tipped dart
 I - 9 atropa-tipped darts (quivered)
 M - 8 javelins
 P - 2 silver javelins
 V - 3 boomerangs
Armour
 b - a +2 chain mail of fire resistance
 e - the +3 crown of Dyrovepreva (worn) {rElec Int+2 SInv}
   (You acquired it on level 7 of the Dungeon)

   Int:       It affects your intelligence (+2).
   rElec:     It insulates you from electricity.
   SInv:      It lets you see invisible.
 h - a +0 pair of boots (worn)
 t - a +4 ring mail of cold resistance (worn)
 z - +0 fire dragon scales
 B - a +0 buckler (worn)
 F - a +0 kite shield
 S - a +0 cloak (worn)
 Z - a +1 chain mail of fire resistance
Jewellery
 o - the amulet "Tyufautam" (around neck) {Rampage Regen+}
   (You acquired it on level 4 of the Dungeon)

   [amulet of regeneration]

   Regen:     It increases your rate of health regeneration.
   Rampage:   It bestows one free step when moving towards enemies.
 p - a +5 ring of evasion
 r - an amulet of reflection
 v - a ring of ice
 A - a ring of the Octopus King (left hand) {rCorr HP+2 AC+2 EV+2 SH+2}
   (You found it on level 5 of the Dungeon)

   [ring of resist corrosion]

   AC:        It affects your AC (+2).
   EV:        It affects your evasion (+2).
   HP:        It affects your health (+2).
   rCorr:     It protects you from acid and corrosion.
   SH:        It affects your SH (+2).
 D - a ring of resist corrosion
 L - a ring of ice
 U - the ring "Fefoimn" (right hand) {Wiz rPois}
   (You found it on level 4 of the Lair of Beasts)

   [ring of wizardry]

   It improves your spell success rate.
   rPois:     It protects you from poison.
 X - a ring of poison resistance
Wands
 g - a wand of digging (5)
 n - a wand of polymorph (9)
 C - a wand of flame (9)
 W - a wand of paralysis (3)
Scrolls
 c - 2 scrolls of fog
 d - a scroll of magic mapping
 j - 6 scrolls of teleportation
 q - 5 scrolls of enchant weapon
 u - a scroll of amnesia
 w - a scroll of brand weapon
 x - 2 scrolls of blinking
 y - 11 scrolls of identify
 E - 3 scrolls of poison
 H - 3 scrolls of noise
 N - a scroll of vulnerability
 R - 2 scrolls of enchant armour
Potions
 i - 3 potions of magic
 l - 6 potions of flight
 m - a potion of invisibility
 s - a potion of cancellation
 G - 3 potions of resistance
 J - 2 potions of attraction
 K - 3 potions of might
 O - a potion of haste
 Q - a potion of heal wounds
 T - 2 potions of brilliance
 Y - 2 potions of curing


   Skills:
 + Level 11.2(16.2) Fighting
 - Level 2.1(7.1) Axes
 - Level 6.0(11.0) Throwing
 + Level 9.9(14.9) Armour
 - Level 1.7(6.7) Dodging
 - Level 4.5(9.5) Stealth
 + Level 9.4(14.4) Shields
 * Level 13.7(18.7) Unarmed Combat
 - Level 4.8 Invocations


You had 13 spell levels left.
You didn't know any spells.
Your spell library contained the following spells:

 Spells                   Type           Power      Damage    Failure   Level
 Apportation              Tloc           0%         N/A       22%         1
 Kiss of Death            Conj/Necr      0%         2d5       22%         1
 Cigotuvi's Dreadful Rot  Necr/Pois/Air  0%         N/A       32%         2
 Ensorcelled Hibernation  Hex/Ice        0%         N/A       32%         2
 Poisonous Vapours        Pois/Air       0%         N/A       32%         2
 Confusing Touch          Hex            0%         N/A       52%         3
 Mephitic Cloud           Conj/Pois/Air  0%         N/A       52%         3
 Ozocubu's Armour         Ice            0%         N/A       52%         3
 Spider Form              Tmut/Pois      0%         N/A       52%         3
 Anguish                  Hex/Necr       0%         N/A       89%         4
 Dispel Undead            Necr           0%         3d6       89%         4
 Alistair's Intoxication  Tmut/Pois      0%         N/A       99%         5
 Metabolic Englaciation   Hex/Ice        0%         N/A       99%         5
 Ozocubu's Refrigeration  Ice            0%         4d7       100%        7
 Simulacrum               Ice/Necr       Unusable   N/A       N/A         6

Dungeon Overview and Level Annotations

Branches:
Dungeon (12/15)            Temple (1/1) D:4            Lair (5/5) D:11
 Shoals (0/4) Lair:3        Snake (0/4) Lair:2        Slime (0/5) Lair:4
    Orc (2/2) D:11            Elf (0/3) Orc:2       Volcano (visited)

Altars:
Ashenzari
Cheibriados
Dithmenos
Fedhas
Gozag
Hepliaklqana
Kikubaaqudgha
Makhleb
Nemelex Xobeh
Okawaru
Qazlal
Ru
Sif Muna
Trog
Uskayaw
Vehumet
Wu Jian
Xom
Yredelemnul
Jiyva

Shops:
Orc:1 *

Annotations:
D:3 3 runed translucent doors, bande's ghost, amateur GrFi
Lair:1 2 transporters, Poahonk's ghost, journeyman TrCK
Lair:5 Nessos
Orc:2 2 runed translucent doors, exclusion: orange crystal statue


Innate Abilities, Weirdness & Mutations

You are mostly covered in thin metallic scales. (AC +3)
You sometimes emit foul miasma when damaged in melee.
Spells you cast may paralyse nearby enemies.
Your touch may irresistibly damage your foes and sap their willpower.
You have large cloven feet.
Your flesh is heat resistant. (rF+)
You are frail. (-10% HP)


Message History

The hellwing hits you.
You emit a cloud of foul miasma!
The hellwing hits you but does no damage.
You take 1 damage, and have 46/103 hp.
You punch the orc sorcerer!
The orc sorcerer is heavily wounded.
You block the orc sorcerer's attack.
An orc wizard comes into view. It is wielding a +0 dagger.
The orc priest misses you.
An orc high priest comes into view. It is wielding a +0 long sword.
You block the orc knight's attack. The hellwing closely misses you.
The hellwing hits you but does no damage.
You closely miss the orc sorcerer.
The orc sorcerer is heavily wounded.
The orc sorcerer mumbles some strange words.
The orc priest calls down the wrath of Beogh upon you.
Beogh smites you! You block the orc sorcerer's attack.
The orc knight hits you but does no damage.
You hear a shout!
You take 9 damage, and have 38/103 hp.
You hit the orc sorcerer but do no damage.
The orc sorcerer is heavily wounded.
You hear a shout!
The hellwing barely misses you. x2
The orc sorcerer gestures at you while chanting.
The bolt of fire hits you! You resist.
* * * LOW HITPOINT WARNING * * *
The orc sorcerer casts a spell at you.
The bolt of negative energy hits the orc priest!!
The orc priest is drained!
The orc priest dies!
The bolt of negative energy hits you!!
You feel drained.
* * * LOW HITPOINT WARNING * * *
The orc knight hits you with a +1 battleaxe of electrocution.
* * * LOW HITPOINT WARNING * * *
You take 32 damage, and have 6/100 hp.
MASSIVE DAMAGE!!
You gain the combat prowess of a mighty hero.
The hellwing hits you but does no damage.
You block the hellwing's attack.
The orc knight hits you with a +1 battleaxe of electrocution!
You die...

,*#......))....# *,,,,,,,,*
**##.#.........# *,,,,,,,,*
*,*####......).#**,,,,,,,,*
,,,**#.........#*,,,,,,,,,*
.,,,#.....#....##,,,,,,,,,*
.,,..#..$.##....#*,,,,,.,#####
.,<....#.####.))##**,...##...##
.,......## #..))##o.รท..#.....#
.,..##..## ##.)@oo4..###.....##
.,##.#...# ##4oo...###...#...##
#*#...#.### ##4..###...........
###.......##########.............
.##...#....##.....#..............
..........#....................##
..................#............##
...............##.#..............
......#.)....................#...


You could see an orc knight, an orc high priest (strong), an orange demon
(summoned), a hellwing (summoned), a chaos spawn (summoned), 2 orc sorcerers and
an orc wizard (strong).

Vanquished Creatures
  Saint Roka (Orc:2)
  Snorg (Lair:3)
  An ettin (Orc:2)
  Fannar (D:11)
  5 hydras
  4 two-headed ogres
  3 death yaks (Lair:3)
  A skyshark (Lair:4)
  An orc high priest (Orc:2)
  A hell knight (Volcano)
  2 orc knights (Orc:2)
  An ugly thing (Volcano)
  An orc sorcerer (Orc:2)
  A cyclops (D:11)
  9 elephants (Lair:4)
  5 black mambas
  A molten gargoyle (Volcano)
  6 cane toads
  A smoke demon (Volcano)
  A torpor snail (Lair:1)
  10 komodo dragons
  2 rime drakes
  3 kobold demonologists
  A troll (D:11)
  2 red devils (Volcano)
  5 polar bears
  3 meliai (D:11)
  8 blink frogs
  21 yaks
  6 fire bats (Volcano)
  2 wyverns
  A wraith (D:9)
  7 basilisks
  2 steam dragons (D:8)
  Grum (D:11)
  6 vampire mosquitoes
  A warg (Orc:2)
  2 nagas (Lair:2)
  2 hell hounds (Volcano)
  2 acid dragons
  9 water moccasins
  19 orc warriors
  An ice beast (D:5)
  2 black bears
  2 sky beasts
  8 ogres
  14 wolves
  2 centaurs
  11 bullfrogs
  3 scorpions
  9 wights
  14 killer bees
  8 howler monkeys
  8 lava snakes (Volcano)
  2 hounds
  11 orc priests
  A sleepcap (D:7)
  7 iguanas
  23 orc wizards
  6 adders
  A shadow imp (D:6)
  A white imp (D:6)
  2 ufetubi
  4 worms
  71 orcs
  5 ball pythons
  7 bats
  9 endoplasms
  2 giant cockroaches
  20 goblins
  9 hobgoblins
  8 jackals
  3 quokkas
  4 frilled lizards
  7 kobolds
  6 rats
453 creatures vanquished.

Vanquished Creatures (others)
  A fire bat (Volcano)
  An orc priest (Orc:2)
  Robin (D:4)
  A goblin (D:4)
  4 fungi
  44 plants
52 creatures vanquished.

Grand Total: 505 creatures vanquished

Notes
Turn   | Place    | Note
-------+----------+-------------------------------------------
     0 | D:5      | jasper the Demonspawn Delver began the quest for the Orb.
     0 | D:5      | Reached XP level 1. HP: 18/18 MP: 1/1
   273 | D:1      | Gained mutation: Your touch may inflict minor irresistible
                  | damage on your foes. [demonic ancestry]
   273 | D:1      | Reached XP level 2. HP: 24/24 MP: 2/2
   404 | D:1      | Reached skill level 1 in Unarmed Combat
   547 | D:1      | Reached skill level 1 in Armour
   548 | D:1      | Gained mutation: You are partially covered in thin metallic
                  | scales. (AC +2) [demonic ancestry]
   548 | D:1      | Reached XP level 3. HP: 27/29 MP: 3/3
  1897 | D:2      | Identified a scroll of acquirement
  1897 | D:2      | Acquired 643 gold pieces
  2018 | D:3      | Found a runed translucent gate.
  2020 | D:3      | Found a runed translucent gate.
  2021 | D:3      | Found a runed translucent gate.
  2028 | D:3      | Noticed bande's ghost (amateur GrFi)
  2046 | D:3      | Gained mutation: Spells you cast may paralyse adjacent
                  | enemies. [demonic ancestry]
  2046 | D:3      | Reached XP level 4. HP: 30/35 MP: 4/4
  2176 | D:3      | Reached skill level 2 in Unarmed Combat
  2354 | D:3      | Found an ornate altar of the Wu Jian Council.
  2667 | D:4      | Acquired the amulet "Tyufautam" {Rampage Regen+}
  3053 | D:5      | Gained mutation: You may rarely emit foul miasma when
                  | damaged in melee. [demonic ancestry]
  3053 | D:5      | Reached XP level 5. HP: 42/42 MP: 5/5
  3343 | D:5      | Reached skill level 3 in Unarmed Combat
  3401 | D:5      | Noticed a centaur
  3407 | D:5      | Found the ring of the Octopus King
  3414 | D:5      | Killed a centaur
  3415 | D:5      | Gained mutation: You sometimes emit foul miasma when
                  | damaged in melee. [demonic ancestry]
  3415 | D:5      | Reached XP level 6. HP: 29/48 MP: 6/6
  3438 | D:5      | Identified a ring of the Octopus King {rCorr HP+2 AC+2 EV+2
                  | SH+2}
  3507 | D:5      | Noticed an ice beast
  3583 | D:6      | Reached skill level 4 in Unarmed Combat
  3705 | D:6      | Reached skill level 1 in Shields
  3705 | D:6      | Reached XP level 7. HP: 52/55 MP: 7/7
  3778 | D:6      | Reached skill level 5 in Fighting
  3849 | D:6      | Reached skill level 5 in Unarmed Combat
  3894 | D:6      | Noticed a wraith
  4015 | D:4      | Killed Robin
  4255 | D:4      | Found a staircase to the Ecumenical Temple.
  4281 | Temple   | Entered the Ecumenical Temple
  4355 | Temple   | Became a worshipper of Warmaster Okawaru
  4550 | D:5      | Gained mutation: Your touch may inflict irresistible damage
                  | on your foes. [demonic ancestry]
  4550 | D:5      | Reached XP level 8. HP: 62/62 MP: 8/8
  4906 | D:7      | Reached skill level 6 in Unarmed Combat
  5109 | D:7      | Found a shadowy altar of Dithmenos.
  5117 | D:7      | Found a shimmering blue altar of Sif Muna.
  5149 | D:7      | Noticed a komodo dragon
  5203 | D:7      | Acquired the +3 crown of Dyrovepreva {rElec Int+2 SInv}
  5203 | D:7      | Found the +3 crown of Dyrovepreva {rElec Int+2 SInv}
  5299 | D:7      | Gained mutation: You have large cloven feet. [potion of
                  | mutation]
  5299 | D:7      | Gained mutation: You are frail. (-10% HP) [potion of
                  | mutation]
  5299 | D:7      | Gained mutation: Your flesh is heat resistant. (rF+)
                  | [potion of mutation]
  5307 | D:7      | Reached * piety under Okawaru
  5433 | D:7      | Reached skill level 1 in Throwing
  5433 | D:7      | Reached skill level 1 in Invocations
  5471 | D:7      | Killed a komodo dragon
  5472 | D:7      | Reached XP level 9. HP: 17/62 MP: 7/11
  5792 | D:7      | Reached ** piety under Okawaru
  6397 | D:8      | Reached skill level 5 in Throwing
  7342 | D:9      | Reached *** piety under Okawaru
  7378 | D:9      | Reached skill level 7 in Unarmed Combat
  7488 | D:9      | Reached XP level 10. HP: 69/69 MP: 13/13
  7609 | D:9      | Reached skill level 5 in Armour
  7991 | D:9      | Found a snail-covered altar of Cheibriados.
  7992 | D:9      | Found a radiant altar of Vehumet.
  8124 | D:10     | Entered Level 10 of the Dungeon
  8127 | D:10     | Noticed a sixfirhy
  8518 | D:10     | Reached skill level 8 in Unarmed Combat
  8680 | D:10     | Reached skill level 5 in Shields
  8877 | D:11     | Noticed a two-headed ogre
  8885 | D:11     | Killed a two-headed ogre
  8885 | D:11     | Received a gift from Okawaru
  8910 | D:11     | Noticed a cyclops
  8928 | D:11     | Killed a cyclops
  8928 | D:11     | Reached **** piety under Okawaru
  8995 | D:11     | Found a staircase to the Orcish Mines.
  8995 | D:11     | Noticed Fannar
  9079 | D:11     | Gained mutation: You are mostly covered in thin metallic
                  | scales. (AC +3) [demonic ancestry]
  9079 | D:11     | Reached XP level 11. HP: 53/75 MP: 12/14
  9089 | D:11     | Noticed a two-headed ogre
  9099 | D:11     | Killed a two-headed ogre
  9100 | D:11     | Reached skill level 9 in Unarmed Combat
  9144 | D:12     | Noticed a tengu warrior
  9162 | D:11     | Noticed Grum
  9176 | D:11     | Killed Grum
  9272 | D:11     | Killed Fannar
  9272 | D:11     | Received a gift from Okawaru
  9493 | D:11     | Noticed Sonja
  9515 | D:11     | Sonja changed into Sonja the howler monkey
  9515 | D:11     | Noticed Sonja
  9518 | D:11     | Killed Sonja the howler monkey
  9935 | D:11     | Found a staircase to the Lair.
 10010 | D:11     | Identified the +10 falchion "Vuxoryza" {freeze, rC+ Str-4
                  | Int+3}
 10029 | D:11     | Identified the +1 leather armour of Sin {rC+}
 10240 | Lair:1   | Entered Level 1 of the Lair of Beasts
 10256 | Lair:1   | Reached skill level 10 in Unarmed Combat
 10265 | Lair:1   | Received a gift from Okawaru
 10406 | Lair:1   | Found a transporter.
 10425 | Lair:1   | Found a bloodstained altar of Trog.
 10436 | Lair:1   | Found a transporter.
 10658 | Lair:1   | Reached XP level 12. HP: 52/84 MP: 15/15
 10674 | Lair:1   | Received a gift from Okawaru
 10852 | Lair:1   | HP: 3/87 [blink frog (11)]
 11122 | Lair:2   | Received a gift from Okawaru
 11123 | Lair:2   | Reached skill level 11 in Unarmed Combat
 11191 | Lair:2   | Found a staircase to the Snake Pit.
 11211 | Lair:2   | Noticed a five-headed hydra
 11222 | Lair:2   | Killed a five-headed hydra
 11222 | Lair:2   | Received a gift from Okawaru
 11933 | Lair:3   | Received a gift from Okawaru
 11964 | Lair:3   | Noticed a death yak
 11979 | Lair:3   | Noticed a death yak
 11981 | Lair:3   | Noticed a death yak
 11994 | Lair:3   | Killed a death yak
 12001 | Lair:3   | Killed a death yak
 12001 | Lair:3   | Received a gift from Okawaru
 12020 | Lair:3   | Killed a death yak
 12088 | Lair:3   | Found a staircase to the Shoals.
 12153 | Lair:3   | Noticed a six-headed hydra
 12162 | Lair:3   | Killed a six-headed hydra
 12206 | Lair:3   | Reached skill level 12 in Unarmed Combat
 12502 | Lair:3   | Noticed Snorg
 12525 | Lair:3   | Killed Snorg
 12526 | Lair:3   | Reached skill level 10 in Fighting
 12694 | Lair:3   | Noticed a six-headed hydra
 12705 | Lair:3   | Killed a six-headed hydra
 12948 | Lair:4   | Gained mutation: Your touch may irresistibly damage your
                  | foes and sap their willpower. [demonic ancestry]
 12948 | Lair:4   | Reached XP level 13. HP: 47/92 MP: 16/16
 13080 | Lair:4   | Found a viscous altar of Jiyva.
 13080 | Lair:4   | Found a staircase to the Slime Pits.
 13111 | Lair:4   | Reached ***** piety under Okawaru
 13199 | Lair:4   | Identified the ring "Fefoimn" {Wiz rPois}
 13877 | Lair:4   | Received a gift from Okawaru
 14143 | Lair:5   | Entered Level 5 of the Lair of Beasts
 14143 | Lair:5   | Noticed Nessos
 14342 | Lair:1   | Noticed Poahonk's ghost (journeyman TrCK)
 14414 | Lair:1   | Received a gift from Okawaru
 14718 | Orc:1    | Entered Level 1 of the Orcish Mines
 14821 | Orc:1    | Found Fil Doyl's General Store.
 14875 | Orc:1    | Bought a potion of curing for 33 gold pieces
 14875 | Orc:1    | Bought a potion of curing for 33 gold pieces
 15123 | Orc:2    | Entered Level 2 of the Orcish Mines
 15169 | Orc:2    | Received a gift from Okawaru
 15170 | Orc:2    | Reached skill level 13 in Unarmed Combat
 15182 | Orc:2    | Found a dark tunnel.
 15199 | Volcano  | Entered a volcano
 15517 | Volcano  | Found a radiant altar of Vehumet.
 15743 | Orc:2    | Found the +10 tower shield of Ignorance {rN+ Int-4}
 15750 | Orc:2    | Found a runed translucent door.
 15777 | Orc:2    | Noticed Saint Roka
 15810 | Orc:2    | Killed Saint Roka
 15810 | Orc:2    | HP: 3/96 [spore (8)]
 15810 | Orc:2    | HP: 1/96 [cloud of flame (2)]
 15980 | Orc:2    | Found a runed translucent door.
 16099 | Orc:2    | Found a staircase to the Elven Halls.
 16109 | Orc:2    | Noticed an ettin
 16165 | Orc:2    | Received a gift from Okawaru
 16172 | Orc:2    | Killed an ettin
 16400 | Orc:2    | Gained mutation: Spells you cast may paralyse nearby
                  | enemies. [demonic ancestry]
 16400 | Orc:2    | Reached XP level 14. HP: 35/101 MP: 17/17
 16476 | Orc:2    | Slain by an orc knight

Illustrated notes

Levels and vault maps discovered:
D:1:      dpeg_arrival_erosion, layout_basic, serial_bayou,
          serial_bayou_crossing, serial_bayou_pond_e, serial_bayou_lagoon_a,
          serial_bayou_lagoon_b
D:2:      layout_loops_corners
D:3:      layout_rooms, good_gods_mini_temple, pdpol_wu_jian_five_deadly_venoms,
          gammafunk_ghost_necromancy
D:4:      layout_loops_cross, lemuel_temple_firewalk_a, enter_ossuary_5,
          serial_bayou_pond_e, uniq_robin
D:5:      layout_basic, hellmonk_bongcloud_opening
D:6:      layout_basic, grunt_potential
D:7:      layout_loops_corners, mainiacjoe_overflow_large_starburst
D:8:      layout_layer_cave
D:9:      layout_loops_cross, amethyst_overflow_temple_binary
D:10:     layout_rooms
D:11:     layout_basic, david_lair_shrubbed, david_orc_3,
          nicolae_straight_to_the_point, uniq_sonja, uniq_fannar, uniq_grum
D:12:     layout_roguey
Temple:   jpeg_temple_clearing
Lair:1:   layout_hall_layers, gammafunk_ghost_wrathful_warriors,
          cheibrodos_lair_lostbears
Lair:2:   layout_loops_ring, guppyfry_snake_entry_garden
Lair:3:   layout_cellular_growth, elwin_shoals_entry_rocks,
          minmay_stone_trees_medium, serial_bayou_shore_b, grunt_megastairs_5,
          uniq_snorg
Lair:4:   layout_cave_pods, dpeg_slime_entry_enclosed
Lair:5:   evilmike_catoblepas_cave, layout_misc_corridors,
          chequers_serial_rivers_small_a, serial_bayou_shore_a, uniq_nessos
Orc:1:    layout_caves, serial_shops, nicolae_shop_advertising_works
          [nicolae_subvault_shop_adworks]
Orc:2:    grunt_orc_tribal_feast, layout_caves, enter_volcano_1,
          chequers_guarded_unrand_ignorance, uniq_saint_roka

Skill      XL: |  1  2  3  4  5  6  7  8  9 10 11 12 13 |
---------------+----------------------------------------+-----
Axes           | 2 |  2.1
Unarmed Combat | 1 2 3 4 5 6 7 8 10 12 13 | 13.7
Armour         | 1 2 3 4 6 7 8 9 |  9.9
Fighting       | 4 5 6 7 8 10 11 | 11.2
Shields        | 1 2 3 5 6 8 9 |  9.4
Throwing       | 2 6 |  6.0
Invocations    | 3 4 |  4.8
Dodging        | |  1.7
Stealth        | |  4.5

Action                     |  1- 3 |  4- 6 |  7- 9 | 10-12 | 13-15 || total
---------------------------+-------+-------+-------+-------+-------++-------
  Melee: Hand axe          |   108 |    86 |       |       |       ||   194
         Punch             |     2 |     3 |       |       |       ||     5
         Touch             |    20 |    19 |       |       |       ||    39
         Unarmed           |       |    60 |   426 |   851 |   588 ||  1925
  Throw: Stone             |    30 |    34 |     6 |       |       ||    70
         Dart              |       |    11 |    22 |     4 |     7 ||    44
         Javelin           |       |       |    17 |    14 |    15 ||    46
         Boomerang         |       |       |       |    33 |    10 ||    43
 Invoke: Heroism           |       |       |     3 |    29 |     6 ||    38
         Finesse           |       |       |       |     2 |     3 ||     5
  Evoke: Wand              |       |       |       |     4 |     2 ||     6
    Use: Scroll            |     7 |     2 |    14 |     5 |     3 ||    31
         Potion            |       |       |     7 |     1 |     4 ||    12
   Stab: Sleeping          |     1 |     3 |     3 |       |     1 ||     8
         Distracted        |       |     1 |       |       |       ||     1
         Invisible         |       |       |     4 |     4 |       ||     8
 Armour: Leather armour    |     3 |       |       |       |       ||     3
         Ring mail         |    55 |    52 |   176 |   371 |   308 ||   962
         Skin              |       |       |       |    12 |       ||    12
  Dodge: Dodged            |    66 |    84 |   178 |   567 |   400 ||  1295
  Block: Other             |    11 |     3 |       |       |       ||    14
         Buckler           |       |     6 |   140 |   377 |   322 ||   845

Table legend: (Time is in decaauts)
 A = Elapsed time spent in this place.
 B = Non-inter-level travel time spent in this place.
 C = Inter-level travel time spent in this place.
 D = Time resting spent in this place.
 E = Time spent auto-exploring this place.
 F = Levels seen in this place.
 G = Mean time per level.
                   A        B        C        D        E       F      G
               +--------+--------+--------+--------+--------+-----+--------+
         Total |  16202 |  15475 |    727 |    477 |  10505 |  21 |  771.5 |
       Dungeon |  10172 |   9690 |    482 |    379 |   6620 |  12 |  847.7 |
        Temple |     94 |     75 |     19 |      0 |     52 |   1 |   94.0 |
          Lair |   4301 |   4093 |    208 |     89 |   2923 |   5 |  860.2 |
  Orcish Mines |   1161 |   1145 |     16 |      8 |    755 |   2 |  580.5 |
       Volcano |    473 |    473 |      0 |      0 |    155 |   1 |  473.0 |
               +--------+--------+--------+--------+--------+-----+--------+

Top non-repeatable levels by time:
    D:11: 1406 daAuts
     D:8: 1210 daAuts
  Lair:4: 1202 daAuts
  Lair:1: 1188 daAuts
     D:7: 1145 daAuts
  Lair:3: 1065 daAuts
     D:1: 964 daAuts
     D:9: 940 daAuts
     D:2: 915 daAuts
     D:5: 873 daAuts
  Lair:2: 843 daAuts
     D:4: 835 daAuts
   Orc:2: 768 daAuts
     D:3: 734 daAuts
    D:10: 613 daAuts
